 Dungeon Crawl Stone Soup version 0.24.0-125-gc4c63601f3 (webtiles) character file.

Game seed: 18088881233619159131, levelgen mode: deterministic

403147 MisterOstroum the Unseen (level 23, 0/124 HPs)
             Began as a Vine Stalker Chaos Knight on Mar 14, 2020.
             Was a Favourite Plaything of Xom.
             Killed from afar by a deep elf annihilator (55 damage)
             ... with a crystal spear
             ... on level 3 of the Elven Halls on Mar 16, 2020.
             The game lasted 02:32:51 (46990 turns).

MisterOstroum the Unseen (VSCK)                    Turns: 46990, Time: 02:32:53

Health: 0/124      AC: 18    Str: 25    XL:     23   Next: 34%
Magic:  0/41       EV: 20    Int: 13    God:    Xom [.*....]
Gold:   1642       SH: 21    Dex: 17    Spells: 35/48 levels left

rFire    + . .     SeeInvis +   a - +6 rapier of Odghyt {drain, MR+}
rCold    + . .     Gourm    .   Y - +2 shield
rNeg     . . .     Faith    +   h - +0 steam dragon scales
rPois    .         Spirit   +   K - +0 mask of the Dragon {MR+ Slay+3 SInv}
rElec    +         Reflect  .   x - +2 cloak
rCorr    .         Harm     .   O - +2 pair of gloves
MR       ++++.                  q - +2 pair of boots {run}
Stlth    ++++++....             T - amulet of faith
HPRegen  1.50/turn              Z - ring of Ashrohaklo {rElec Slay+6}
MPRegen  0.27/turn              X - ring "Yggil" {*Slow rF+ rC+ EV+1 Slay+5}

@: cleaving, quick
A: fangs 3, horns 1, talons 2, icy blue scales 1, large bone plates 1, slimy
green scales 1, agile 1, deterioration 1, regeneration 3, strong 1, evolution 1,
magic shield, antimagic bite, no potion heal 3, rot immunity
}: 2/15 runes: serpentine, barnacled
a: Renounce Religion


You were on level 3 of the Elven Halls.
You worshipped Xom.
You were a plaything of Xom.
You were not hungry.

You visited 7 branches of the dungeon, and saw 38 of its levels.
You visited the Abyss 1 time.
You also visited: Desolation.

You collected 4658 gold pieces.
You spent 3016 gold pieces at shops.

Inventory:

Hand Weapons
 a - the +6 rapier of Odghyt (weapon) {drain, MR+}
   (You bought it in a shop on level 2 of the Orcish Mines)

   A truly terrible weapon, it drains the life of those it strikes.
   It affects your resistance to hostile enchantments.
Missiles
 d - 1335 stones (quivered)
 t - 11 throwing nets {!f}
 L - 14 curare-tipped darts
Armour
 h - +0 steam dragon scales (worn)
 q - a +2 pair of boots of running (worn)
 x - a +2 cloak (worn)
 K - the +0 mask of the Dragon (worn) {MR+ Slay+3 SInv}
   (You found it on level 2 of the Shoals)

   It affects your accuracy and damage with ranged weapons and melee attacks
   (+3).
   It affects your resistance to hostile enchantments.
   It lets you see invisible.
 O - a +2 pair of gloves (worn)
 Y - a +2 shield (worn)
Jewellery
 b - the amulet of Wiang {Acrobat rF+}
   (You found it on level 3 of the Lair of Beasts)

   [amulet of the acrobat]

   It helps you evade while moving and waiting.
   It protects you from fire.
 C - an uncursed ring of resist corrosion
 S - the ring "Viajoys" {rF+ MR+ Str+5}
   (You found it on level 4 of the Vaults)

   [ring of protection from magic]

   It affects your strength (+5).
   It protects you from fire.
   It affects your resistance to hostile enchantments.
 T - an amulet of faith (around neck)
 X - the ring "Yggil" (right hand) {*Slow rF+ rC+ EV+1 Slay+5}
   (You found it on level 2 of the Vaults)

   [ring of evasion]

   It affects your evasion (+1).
   It affects your accuracy and damage with ranged weapons and melee attacks
   (+5).
   It protects you from fire.
   It protects you from cold.
   It may slow you when you take damage.
 Z - the ring of Ashrohaklo (left hand) {rElec Slay+6}
   (You bought it in a shop on level 2 of the Orcish Mines)

   [ring of slaying]

   It affects your accuracy and damage with ranged weapons and melee attacks
   (+6).
   It insulates you from electricity.
Wands
 p - a wand of iceblast (13)
 u - a wand of acid (2)
 B - a wand of enslavement (24)
 R - a wand of paralysis (34)
 U - a wand of digging (14)
 V - a wand of clouds (9)
Scrolls
 c - 5 scrolls of fog {!r}
 g - 16 scrolls of teleportation {@r3 !r}
 j - 21 scrolls of remove curse {@r2}
 o - 4 scrolls of immolation
 s - a scroll of holy word
 F - 3 scrolls of identify {@r1}
 G - 9 scrolls of magic mapping {@r5 !r}
 J - 10 scrolls of fear {!r}
 N - 7 scrolls of blinking {@r4}
 W - a scroll of summoning
Potions
 i - 4 potions of flight
 k - 9 potions of curing {@q1 !q}
 l - 2 potions of resistance
 m - 5 potions of might {@q3 !q}
 n - 3 potions of haste {@q4 !q}
 r - 3 potions of cancellation
 v - 5 potions of berserk rage
 z - a potion of agility {@q5 !q}
 D - a potion of mutation
 E - 4 potions of brilliance
 H - 4 potions of invisibility
 I - 2 potions of magic
 M - 5 potions of lignification {@q6}
Miscellaneous
 f - a phantom mirror
 A - a lamp of fire
 P - a fan of gales
 Q - 2 boxes of beasts
Comestibles
 e - 54 rations


   Skills:
 + Level 14.2 Fighting
 - Level 14.0 Short Blades
 - Level 1.5 Armour
 - Level 10.0 Dodging
 - Level 15.0 Stealth
 - Level 15.0 Shields
 - Level 13.0 Spellcasting
 - Level 13.0 Transmutations
 - Level 13.0 Earth Magic
 - Level 15.0 Evocations


You had 35 spell levels left.
You knew the following spells:

 Your Spells              Type           Power        Failure   Level  Hunger
c - Confusing Touch       Hex            #.....       9%          1    None
i - Invisibility          Hex            #.......     100%        6    ######.
P - Statue Form           Tmut/Erth      #####....    6%          6    ######.

Your spell library contained the following spells:

 Spells                   Type           Power        Failure   Level  Hunger
 Sandblast                Erth           #####.       1%          1    None
 Passwall                 Tmut/Erth      #####...     1%          2    None
 Stone Arrow              Conj/Erth      ####..       1%          3    None
 Petrify                  Tmut/Erth      #####...     1%          4    ###....
 Lee's Rapid Deconstruct  Erth           #####.....   1%          5    #####..
 Ignite Poison            Fire/Tmut/Pois ###.....     4%          3    None
 Hydra Form               Tmut           #####.....   6%          6    ######.
 Corona                   Hex            #......      9%          1    None
 Flame Tongue             Conj/Fire      #....        9%          1    None
 Infusion                 Chrm           #...         9%          1    None
 Shock                    Conj/Air       #...         9%          1    None
 Sting                    Conj/Pois      #...         9%          1    None
 Summon Butterflies       Summ           #.......     9%          1    None
 Summon Small Mammal      Summ           #...         9%          1    None
 Call Imp                 Summ           #.......     12%         2    None
 Corpse Rot               Necr           N/A          12%         2    None
 Ensorcelled Hibernation  Hex/Ice        #.....       12%         2    None
 Poisonous Vapours        Pois/Air       #.....       12%         2    None
 Slow                     Hex            #.......     12%         2    None
 Sublimation of Blood     Necr           #.........   12%         2    None
 Swiftness                Chrm/Air       #.......     12%         2    None
 Throw Frost              Conj/Ice       #.....       12%         2    None
 Irradiate                Conj/Tmut      ####......   16%         5    #####..
 Yara's Violent Unravell  Hex/Tmut       ####......   16%         5    #####..
 Call Canine Familiar     Summ           #.......     24%         3    None
 Confuse                  Hex            #.......     24%         3    None
 Conjure Flame            Conj/Fire      #.......     24%         3    None
 Gell's Gravitas          Tloc           #.........   24%         3    None
 Inner Flame              Hex/Fire       #.......     24%         3    None
 Mephitic Cloud           Conj/Pois/Air  #.......     24%         3    None
 Ozocubu's Armour         Chrm/Ice       #.......     24%         3    None
 Recall                   Summ/Tloc      N/A          24%         3    None
 Summon Guardian Golem    Hex/Summ       #.......     24%         3    None
 Dragon Form              Tmut           #####.....   32%         7    #######
 Bolt of Magma            Conj/Fire/Erth ###.......   36%         5    #####..
 Olgreb's Toxic Radiance  Pois           #.......     63%         4    ###....
 Passage of Golubria      Tloc           N/A          63%         4    ###....
 Summon Ice Beast         Ice/Summ       #.......     63%         4    ###....
 Summon Lightning Spire   Summ/Air       #.......     63%         4    ###....
 Agony                    Necr           #.......     92%         5    #####..
 Bolt of Draining         Conj/Necr      #.........   92%         5    #####..
 Dispel Undead            Necr           #.......     92%         5    #####..
 Excruciating Wounds      Chrm/Necr      #.........   92%         5    #####..
 Metabolic Englaciation   Hex/Ice        #.........   92%         5    #####..
 Silence                  Hex/Air        #.........   92%         5    #####..
 Summon Demon             Summ           #.........   92%         5    #####..
 Summon Forest            Summ/Tloc      #.........   92%         5    #####..
 Summon Mana Viper        Hex/Summ       #.......     92%         5    #####..
 Venom Bolt               Conj/Pois      #.........   92%         5    #####..
 Bolt of Cold             Conj/Ice       #.........   100%        6    ######.
 Conjure Ball Lightning   Conj/Air       #.........   100%        6    ######.
 Darkness                 Hex            #.........   100%        6    ######.
 Deflect Missiles         Chrm/Air       #.........   100%        6    ######.
 Freezing Cloud           Conj/Ice/Air   #.........   100%        6    ######.
 Ozocubu's Refrigeration  Ice            #.........   100%        6    ######.
 Shadow Creatures         Summ           N/A          100%        6    ######.
 Simulacrum               Ice/Necr       #.........   100%        6    ######.
 Malign Gateway           Summ/Tloc      #.........   100%        7    #######
 Ring of Flames           Chrm/Fire      #.........   100%        7    #######
 Spellforged Servitor     Conj/Summ      #.........   100%        7    #######
 Summon Hydra             Summ           #.........   100%        7    #######
 Discord                  Hex            #.........   100%        8    #######
 Tornado                  Air            #.........   100%        9    #######


Dungeon Overview and Level Annotations

Branches:
Dungeon (15/15)            Temple (0/1) D:6            Lair (6/6) D:10
 Shoals (4/4) Lair:4        Snake (4/4) Lair:2        Slime (0/5) Lair:5
    Orc (2/2) D:10            Elf (3/3) Orc:2        Vaults (4/5) D:14
  Crypt (0/3) Vaults:3     Depths (0/5) D:15        Desolation (visited)

Altars:
Fedhas
Hepliaklqana
Kikubaaqudgha
Nemelex Xobeh
Qazlal
Uskayaw
Xom
Yredelemnul
The Shining One
Beogh
Jiyva

Shops:
D:6 }   D:9 ?   Orc:2 }(=(   Elf:2 [(   Shoals:1 (*(   Vaults:1 [:   Vaults:3 *
Vaults:4 ??

Annotations:
D:3 3 runed translucent doors, exclusion: player ghost, rumpelstilzz's ghost, amateur OpVM
D:5 2 transporters
D:7 2 transporters, SnubMonkey's ghost, novice VSTm
D:13 1 runed translucent door
Lair:5 1 runed translucent door
Shoals:1 exclusion: 2 oklob plants
Snake:4 3 runed translucent doors
Elf:3 1 exclusion


Innate Abilities, Weirdness & Mutations

You have razor-sharp teeth.
You regenerate.
When hurt, damage is shared between your health and your magic reserves.
Your bite disrupts and absorbs the magic of your enemies.
Potions cannot restore your health.
You are immune to rotting.
You have a pair of small horns on your head.
You have razor-sharp toenails.
You are partially covered in icy blue scales. (AC +2)
You are partially covered in large bone plates. (SH +4)
You are partially covered in slimy green scales. (AC +2)
You are agile. (Dex +2)
Your body sometimes deteriorates upon taking damage.
Your muscles are strong. (Str +2)
You evolve.


Message History

The deep elf death mage is moderately wounded.
You hit the deep elf death mage.
Your headbutt misses the deep elf death mage.
You bite the deep elf death mage!
The deep elf death mage's magic leaks into the air.
You drain its magic.
The deep elf death mage is heavily wounded.
You block the deep elf death mage's attack.
You barely miss the deep elf death mage.
You headbutt the deep elf death mage!
The deep elf death mage is heavily wounded.
You closely miss the deep elf death mage.
You bite the deep elf death mage!!
The deep elf death mage's magic leaks into the air.
You drain its magic.
The deep elf death mage is almost dead.
You closely miss the deep elf death mage.
You headbutt the deep elf death mage!
You kill the deep elf death mage!
No target in view!
You start waiting.
The deep elf annihilator is too close now for your liking.
You puncture the deep elf annihilator! You headbutt the deep elf annihilator.
Your bite misses the deep elf annihilator.
The deep elf annihilator is heavily wounded.
You hear Xom's avuncular chuckle.
The deep elf annihilator evaporates and reforms as a dire elephant!
You hear a shout! x3
You puncture the dire elephant!
You headbutt the dire elephant, but do no damage.
You bite the dire elephant! You drain its power.
The dire elephant is moderately wounded.
The dire elephant misses you.
The dire elephant completely misses you.
You puncture the dire elephant! You drain the dire elephant.
You bite the dire elephant!! You drain its power.
The dire elephant is heavily wounded.
You puncture the dire elephant! You drain the dire elephant.
The dire elephant is severely wounded.
You block the dire elephant's attack. x2
You hit the dire elephant. You headbutt the dire elephant!
You bite the dire elephant!! You drain its power.
The dire elephant is almost dead.
You puncture the dire elephant!
You kill the dire elephant!
You are now a plaything of Xom.
Press: ? - help, v - describe, . - travel, g - get item
Here: a deep elf elementalist, wielding a +0 short sword and wearing a +0 ring mail (repelling missiles)
The +9 war axe of Mutilation {chop, +Inv Dex+3}.
There is something else lying underneath.
The floor, spattered with blood.
Unknown command.
You hit the deep elf elementalist.
You headbutt the deep elf elementalist, but do no damage.
Your bite misses the deep elf elementalist.
The deep elf elementalist is lightly wounded.
You impale the deep elf elementalist!!
The deep elf elementalist is heavily wounded.
You block the deep elf elementalist's attack.
You puncture the deep elf elementalist! You headbutt the deep elf elementalist!
You bite the deep elf elementalist!
You kill the deep elf elementalist!
No target in view!
No target in view!
A deep elf high priest comes into view.
It is wielding a +2 short sword of venom.
Items here: ! " $ )))))) = ? [[[[[ Throwing (i - inventory. (/) - cycle)
d - 1336 stones (quivered)
Press: ? - help, Shift-Dir - straight line, f - deep elf high priest
Aim: a deep elf high priest, wielding a +2 short sword of venom You throw a stone.
The stone hits the deep elf high priest!
The deep elf high priest is moderately wounded.
The deep elf high priest unwields a +2 short sword of venom.
It stops dripping with poison.
The deep elf high priest wields a +4 longbow.
The deep elf high priest shoots an arrow.
You block the arrow.
You hear a shout! x2
You start waiting.
The deep elf annihilator is too close now for your liking.
The deep elf high priest utters an invocation to its god.
The deep elf high priest begins emitting a brilliant aura!
The deep elf annihilator is empowered by the deep elf high priest's aura!
Items here: ! " $ ( )))))) = ? [[[[[ You closely miss the deep elf annihilator.
You headbutt the deep elf annihilator.
You bite the deep elf annihilator, but do no damage.
The deep elf annihilator is lightly wounded.
The deep elf high priest utters a dark prayer and points at you.
Your life force is offered up.
The deep elf high priest is healed.
The deep elf annihilator is healed.
You barely miss the deep elf annihilator.
The deep elf annihilator points at you and mumbles some strange words.
The crystal spear hits you!!!
A shower of butterflies erupts from you!
You swap places.
The deep elf annihilator gestures at you while chanting.
The crystal spear hits you!!!!
You die...
Xom howls with laughter!

..#...................#..#..#
..#...................'..#..#
..#................?..#..#..#
..#####################..#..#
.........................#..#
.........................#..#
########################'#..#
....)..)..).....bb).........#
.....)()))..b.).@.b.........#
.###########.)ebb############
.# #.#e#.# .# #.#.#.### )#
##.#.#...# .# #..#)#..## .#
####.#### .# #(# .# ((.


You could see a deep elf annihilator and a deep elf high priest.

Vanquished Creatures
  Mennas (Vaults:4)
  Sojobo (Vaults:3)
  Boris (Vaults:4)
  The ghost of Ugguttuj the Peltast, a veteran DrWn of Okawaru (Vaults:4)
  Xtahua (Vaults:3)
  A lich (Vaults:3)
  A deep elf blademaster (Elf:3)
  A sphinx (Vaults:4)
  2 tengu reavers (Vaults:3)
  Ilsuiw (Shoals:4)
  7 nagarajas (Snake:4)
  A fire giant (Vaults:4)
  2 deep elf sorcerers
  3 orc warlords
  A frost giant (Vaults:4)
  4 vault wardens
  Aizul (Vaults:4)
  2 deep elf elementalists (Elf:3)
  3 imperial myrmidons (Desolation)
  11 ironheart preservers
  11 very ugly things
  3 stone giants
  A deep elf annihilator (Elf:3)
  Azrael (Elf:2)
  7 deep elf demonologists
  A spectral titan (Vaults:4)
  A dire elephant (Elf:3)
  A halazid warlock (Desolation)
  5 merfolk javelineers
  5 deep elf death magi (Elf:3)
  3 crystal guardians (Desolation)
  6 merfolk impalers
  26 slime creatures
  3 vault guards (Vaults:2)
  5 yaktaur captains
  2 fire dragons
  12 ogre magi
  A spectral golden dragon (Vaults:4)
  11 servants of whispers (Desolation)
  9 ragged hierophants (Desolation)
  A rakshasa (D:15)
  An ice dragon (shapeshifter) (Vaults:2)
  A deep elf high priest (Elf:3)
  A great orb of eyes (Vaults:1)
  14 naga warriors
  A spectral shadow dragon (Vaults:4)
  11 peacekeepers (Desolation)
  3 ice dragons
  8 centaur warriors
  5 hydras
  A spectral sphinx (Vaults:4)
  15 anacondas
  3 catoblepae (Lair:6)
  31 dancing weapons
  5 death yaks
  4 deep troll shamans
  7 merfolk aquamancers
  4 alligator snapping turtles
  42 two-headed ogres
  A deep troll earth mage (Vaults:2)
  A spectral stone giant (Vaults:4)
  2 satyrs
  2 spectral frost giants (Vaults:4)
  6 shock serpents
  11 naga sharpshooters
  4 orc high priests (Orc:2)
  23 deep elf knights
  A wretched star (Abyss:3)
  A salamander mystic (Snake:2)
  12 skeletal warriors
  A glowing orange brain (D:15)
  A shadow wraith (Vaults:4)
  8 deep trolls
  13 sea snakes
  3 starcursed masses (Abyss:3)
  A flayed ghost (Vaults:3)
  2 unseen horrors (D:14)
  A swamp dragon (Shoals:4)
  3 wizards
  6 naga ritualists
  2 necromancers
  A lindwurm (Elf:1)
  19 deep elf archers
  A phantasmal warrior (Vaults:4)
  8 ironbrand convokers
  A harpy (shapeshifter) (D:15)
  13 orc knights
  3 wolf spiders
  2 oklob plants
  77 deep elf magi
  20 harpies
  5 mana vipers
  7 orc sorcerers
  27 ugly things
  10 salamanders
  A worldbinder (Abyss:3)
  A moth of wrath (shapeshifter) (D:15)
  20 manticores
  20 fauns
  2 salamanders (shapeshifter)
  2 manticores (shapeshifter)
  8 cyclopes
  A sphinx skeleton (Vaults:3)
  18 merfolk sirens
  A frost giant skeleton (Vaults:3)
  8 water nymphs
  A fire giant skeleton (Vaults:3)
  4 guardian serpents
  4 centaur zombies
  A torpor snail (Lair:3)
  12 naga magi
  2 smoke demons (Abyss:3)
  14 vault sentinels
  27 black mambas
  5 elephants (Lair:3)
  A molten gargoyle (Desolation)
  A gargoyle (D:15)
  2 centaur skeletons
  11 spiny frogs
  A storm dragon simulacrum (Vaults:2)
  A titan simulacrum (Vaults:4)
  A spectral elf (Vaults:4)
  A spiny frog (shapeshifter) (Vaults:2)
  3 freezing wraiths
  3 kobold demonologists (D:14)
  16 yaktaurs
  3 komodo dragons
  A meliai (shapeshifter) (Vaults:3)
  6 trolls
  6 meliai (D:13)
  3 wind drakes
  A jumping spider (shapeshifter) (Elf:3)
  24 merfolk
  4 polar bears
  5 blink frogs
  13 dream sheep
  67 saltlings (Desolation)
  A fire giant simulacrum (Vaults:3)
  A meliai zombie (D:15)
  A blink frog (shapeshifter) (D:15)
  6 hippogriffs
  13 snapping turtles
  A dream sheep (shapeshifter) (D:13)
  A tarantella (shapeshifter) (Vaults:2)
  A centaur simulacrum (D:15)
  A spriggan (D:7)
  2 air elementals
  4 wraiths
  2 shadows (D:15)
  3 wyverns
  48 yaks
  A human (shapeshifter) (Elf:1)
  A hog (Lair:2)
  13 water elementals
  3 hungry ghosts
  3 large abominations
  2 humans
  4 fire bats (Lair:5)
  8 fire elementals
  6 basilisks
  2 steam dragons
  A yaktaur simulacrum (Vaults:1)
  2 acid dragons
  48 nagas
  14 wargs
  17 water moccasins
  3 hell hounds (Elf:2)
  10 porcupines
  50 orc warriors
  4 phantoms
  An eye of draining (D:13)
  A floating eye (shapeshifter) (D:9)
  5 sky beasts
  4 ice beasts
  43 ogres
  20 centaurs
  6 wolves (Lair:2)
  7 crocodiles
  Blork the orc (D:6)
  3 big kobolds
  2 wyvern zombies
  5 earth elementals
  14 bullfrogs
  A wyvern skeleton (D:14)
  4 scorpions
  12 wights
  11 killer bees
  6 howler monkeys
  2 electric eels (Lair:6)
  2 bullfrog zombies
  2 jellies
  A lava snake (Lair:5)
  A quasit (D:9)
  8 crimson imps
  6 hounds
  25 orc wizards
  Crazy Yiuf (D:6)
  An iron imp (Abyss:3)
  36 orc priests
  4 iguanas
  14 worker ants
  A hound zombie (D:7)
  3 hound skeletons
  17 adders
  5 gnolls
  3 shadow imps
  3 oozes
  An adder skeleton (D:6)
  5 worms
  4 dart slugs
  7 leopard geckos
  134 orcs
  5 giant cockroaches
  10 goblins
  6 hobgoblins
  8 jackals
  27 kobolds
  8 quokkas
  6 ball pythons (Snake:4)
  A ball python skeleton (D:4)
  5 bats
  4 frilled lizards
  A jackal skeleton (D:7)
  2 jackal zombies
  A leopard gecko skeleton (D:5)
  A quokka zombie (D:9)
  5 rats
  2 fire vortices (D:14)
  A pillar of salt (Vaults:4)
  3 plants
1748 creatures vanquished.

Vanquished Creatures (collateral kills)
  Donald (Vaults:3)
  A stone giant (Vaults:3)
  An ironheart preserver (Vaults:2)
  A naga warrior (Snake:4)
  A vault guard (Vaults:2)
  An ogre mage (Vaults:4)
  A shock serpent (Snake:2)
  A naga mage (Snake:2)
  A yak (Lair:6)
  A naga (Snake:2)
  An orc warrior (Orc:2)
  A crimson imp (D:7)
  A leopard gecko (D:7)
  2 orcs
15 creatures vanquished.

Vanquished Creatures (others)
  An anaconda (Snake:2)
  A two-headed ogre (Vaults:1)
  3 dancing weapons
  A skeletal warrior (D:14)
  A troll (D:11)
  2 dream sheep (Lair:6)
  An orc warrior (Vaults:3)
  An ogre (Orc:2)
  A wight (D:10)
  An orc priest (Orc:2)
  2 orc wizards
  A gnoll (D:8)
  An adder (D:3)
  3 orcs (Orc:2)
  A fungus (Lair:4)
  6 plants
27 creatures vanquished.

Grand Total: 1790 creatures vanquished

Notes
Turn   | Place    | Note
-------+----------+-------------------------------------------
     0 | D:1      | MisterOstroum the Vine Stalker Chaos Knight began the quest
                  | for the Orb.
     0 | D:1      | Reached XP level 1. HP: 11/11 MP: 2/2
    90 | D:1      | XOM: silly message
   365 | D:1      | Reached skill level 1 in Dodging
   365 | D:1      | Reached XP level 2. HP: 12/16 MP: 0/3
   497 | D:1      | Reached skill level 1 in Stealth
   618 | D:1      | Reached XP level 3. HP: 20/20 MP: 4/4
   692 | D:1      | XOM: divination: detect creatures
   813 | D:1      | XOM: harmless Necr miscast
   974 | D:1      | XOM: draining
  1159 | D:2      | XOM is BORED!
  1159 | D:2      | XOM: mild Conj miscast
  1219 | D:2      | XOM: 1-stop teleportation journey
  1243 | D:2      | XOM: 2-stop teleportation journey
  1715 | D:2      | XOM: divination: detect items
  1768 | D:2      | Gained mutation: Your natural rate of healing is unusually
                  | fast. [Vine Stalker growth]
  1768 | D:2      | Reached XP level 4. HP: 22/24 MP: 5/5
  2341 | D:3      | XOM: 4-stop teleportation journey
  2366 | D:3      | Reached XP level 5. HP: 28/28 MP: 6/6
  2425 | D:3      | XOM: 6-stop teleportation journey
  2579 | D:3      | XOM: scenery: 2 doors close
  2686 | D:3      | XOM: give mutation
  2686 | D:3      | Gained mutation: You passively map a small area around you.
                  | [Xom's grace]
  2757 | D:3      | XOM: 1-stop teleportation journey
  3105 | D:3      | Found a runed translucent gate.
  3106 | D:3      | Found a runed translucent gate.
  3106 | D:3      | Found a runed translucent gate.
  3108 | D:3      | Noticed rumpelstilzz's ghost (amateur OpVM)
  3297 | D:4      | Reached XP level 6. HP: 25/33 MP: 5/7
  3375 | D:4      | Reached XP level 7. HP: 19/44 MP: 5/8
  3478 | D:4      | XOM: cleaving
  3531 | D:4      | XOM: summons 5 friendly demons
  3982 | D:4      | XOM: harmless Fire miscast
  4245 | D:5      | Entered Level 5 of the Dungeon
  4348 | D:5      | XOM: summons friendly quasit
  4361 | D:5      | XOM: potion effect (invisibility)
  4363 | D:5      | Reached skill level 1 in Spellcasting
  4363 | D:5      | Gained mutation: You have razor-sharp teeth. [Vine Stalker
                  | growth]
  4363 | D:5      | Reached XP level 8. HP: 47/49 MP: 10/10
  4541 | D:5      | XOM: silly message
  4547 | D:5      | HP: 1/49 [centaur (4)]
  4712 | D:5      | Noticed a tengu warrior
  4713 | D:5      | Found a hide-covered altar of Uskayaw.
  4713 | D:5      | Found a transporter.
  4721 | D:5      | Found a transporter.
  4748 | D:5      | XOM: medium Hex miscast
  4825 | D:5      | XOM: mild Fire miscast
  4924 | D:5      | XOM: mild Ice miscast
  4928 | D:5      | XOM: swap monsters
  5104 | D:5      | Found a hide-covered altar of Uskayaw.
  5104 | D:5      | Found a transporter.
  5110 | D:5      | XOM: butterfly on damage
  5114 | D:5      | Found a transporter.
  5231 | D:6      | Reached skill level 1 in Evocations
  5231 | D:6      | Reached XP level 9. HP: 51/53 MP: 11/11
  5317 | D:6      | Noticed Blork the orc
  5413 | D:6      | Killed Blork the orc
  5537 | D:6      | Found a runed translucent door.
  5538 | D:6      | Noticed Crazy Yiuf
  5639 | D:6      | Found a staircase to the Ecumenical Temple.
  5758 | D:6      | Found Reoloops's Gadget Emporium.
  6000 | D:6      | XOM: medium Hex miscast
  6150 | D:6      | Killed Crazy Yiuf
  6395 | D:7      | XOM: confusion (+ monsters)
  6474 | D:7      | XOM: mild Pois miscast
  6502 | D:7      | Found a transporter.
  6502 | D:7      | Noticed SnubMonkey's ghost (novice VSTm)
  6590 | D:7      | XOM: summons friendly white imp
  6650 | D:7      | XOM: scenery: create altars
  6672 | D:7      | Reached skill level 10 in Short Blades
  6684 | D:7      | Found a blossoming altar of Fedhas.
  6726 | D:7      | Found a transporter.
  6740 | D:7      | XOM: polymorph white imp -> crimson imp
  6897 | D:7      | XOM: scenery: create altars
  6950 | D:8      | Noticed a two-headed ogre
  6974 | D:7      | XOM: polymorph gnoll -> leopard gecko
  6977 | D:7      | XOM: enchant monster (good)
  6984 | D:7      | Reached skill level 10 in Fighting
  7012 | D:8      | Reached XP level 10. HP: 59/59 MP: 12/12
  7040 | D:8      | XOM: scenery: 1 doors open
  7069 | D:8      | Reached skill level 1 in Shields
  7139 | D:8      | Reached skill level 5 in Stealth
  7235 | D:8      | XOM: scenery: create altars
  7462 | D:8      | XOM: cleaving
  7528 | D:8      | Noticed a two-headed ogre
  7540 | D:8      | XOM: scenery: 1 doors close
  7576 | D:8      | XOM: give mutation
  7576 | D:8      | Gained mutation: Your mind is acute. (Int +2) [Xom's grace]
  7602 | D:8      | Found a glowing golden altar of the Shining One.
  7616 | D:8      | XOM: give mutations
  7616 | D:8      | Gained mutation: You are resistant to hostile enchantments.
                  | (MR+) [Xom's grace]
  7616 | D:8      | Gained mutation: You are agile. (Dex +2) [Xom's grace]
  7616 | D:8      | Gained mutation: You are partially covered in icy blue
                  | scales. (AC +2) [Xom's grace]
  7616 | D:8      | Gained mutation: You have sharp toenails. [Xom's grace]
  7620 | D:8      | Killed a two-headed ogre
  8118 | D:9      | XOM: give mutations
  8118 | D:9      | Gained mutation: You expend magic power (3 MP) to
                  | strengthen your wands. [Xom's grace]
  8118 | D:9      | Gained mutation: You have a pair of small horns on your
                  | head. [Xom's grace]
  8118 | D:9      | Gained mutation: You have a somewhat thin skeletal
                  | structure. (Dex +2, Stealth) [Xom's grace]
  8118 | D:9      | Gained mutation: You evolve. [Xom's grace]
  8197 | D:9      | Found a sparkling altar of Nemelex Xobeh.
  8337 | D:9      | XOM: give mutations
  8337 | D:9      | Gained mutation: Your mind is very acute. (Int +4) [Xom's
                  | grace]
  8337 | D:9      | Gained mutation: You have razor-sharp toenails. [Xom's
                  | grace]
  8429 | D:9      | XOM: polymorph crimson imp -> quasit
  8450 | D:9      | Noticed a glowing shapeshifter
  8450 | D:9      | a bullfrog changed into a glowing shapeshifter
  8450 | D:9      | XOM: polymorph bullfrog -> glowing shapeshifter
  8450 | D:9      | Noticed a lindwurm
  8450 | D:9      | a glowing shapeshifter changed into a lindwurm
  8455 | D:9      | Noticed a mana viper
  8455 | D:9      | a lindwurm changed into a mana viper
  8456 | D:9      | a mana viper changed into a floating eye
  8499 | D:9      | Found Feosuwk's Magic Scroll Boutique.
  8535 | D:9      | Bought a scroll of enchant armour for 127 gold pieces
  8535 | D:9      | Bought a scroll of teleportation for 51 gold pieces
  8535 | D:9      | Bought a scroll of teleportation for 51 gold pieces
  8625 | D:10     | Entered Level 10 of the Dungeon
  8634 | D:10     | XOM: summons friendly quasit
  8855 | D:10     | Found a staircase to the Orcish Mines.
  8909 | D:10     | Found a stormy altar of Qazlal.
  8976 | D:10     | XOM: scenery: create altars
  9042 | D:10     | Found a staircase to the Lair.
  9221 | D:10     | Noticed Sonja
  9417 | D:10     | Noticed Sonja
  9417 | D:10     | Sonja changed into Sonja the basilisk
  9425 | D:10     | Killed Sonja the basilisk
  9446 | D:10     | Reached XP level 11. HP: 56/63 MP: 12/14
  9523 | D:11     | XOM: summons friendly iron imp
  9527 | D:11     | XOM: cast spell 'Ring of Flames'
  9597 | D:11     | XOM: give mutations
  9597 | D:11     | Gained mutation: You are very agile. (Dex +4) [Xom's grace]
  9597 | D:11     | Gained mutation: Your muscles are strong. (Str +2) [Xom's
                  | grace]
  9604 | D:11     | Learned a level 6 spell: Invisibility
  9841 | D:11     | XOM: god gift: scale mail {god gift}
  9915 | D:11     | XOM: 2-stop teleportation journey
 10043 | D:11     | XOM: divine lightning
 10112 | D:11     | XOM: god gift: 12 arrows
 10151 | D:11     | XOM: mild Chrm miscast
 10283 | D:11     | XOM: mild Summ miscast
 10445 | D:12     | Lost mutation: You are very agile. (Dex +4) [evolution]
 10494 | D:12     | XOM: enchant monster (bad)
 10681 | D:12     | Reached skill level 5 in Shields
 11120 | D:13     | Noticed a brown ugly thing
 11120 | D:13     | XOM: summons 2 friendly demons
 11125 | D:13     | Killed a brown ugly thing
 11130 | D:13     | XOM: confuse monster(s)
 11287 | D:13     | XOM: 6-stop teleportation journey
 11300 | D:13     | Noticed a four-headed hydra
 11376 | D:13     | Found a shimmering altar of Xom.
 11382 | D:13     | XOM: mild Conj miscast
 11386 | D:13     | XOM: swap monsters
 11388 | D:13     | Killed a four-headed hydra
 11388 | D:13     | Reached skill level 5 in Dodging
 11413 | D:13     | Noticed a purple ugly thing
 11423 | D:13     | Noticed a sixfirhy
 11425 | D:13     | Killed a purple ugly thing
 11425 | D:13     | Gained mutation: You heal very quickly. [Vine Stalker
                  | growth]
 11425 | D:13     | Reached XP level 12. HP: 67/67 MP: 16/16
 11427 | D:13     | Found a runed translucent door.
 11539 | D:13     | XOM: summons 4 hostile demons
 12192 | D:12     | XOM: harmless Necr miscast
 12258 | Lair:1   | Entered Level 1 of the Lair of Beasts
 12379 | Lair:1   | Reached skill level 5 in Evocations
 12389 | Lair:1   | XOM: summons 3 hostile shadow creatures
 12720 | Lair:1   | XOM: harmless Fire miscast
 12870 | Lair:1   | XOM: polymorph water moccasin -> human
 13129 | Lair:2   | XOM: enchant monster (bad)
 13302 | Lair:2   | Found a hazy altar of Hepliaklqana.
 13348 | Lair:2   | XOM: polymorph water moccasin -> hog
 13410 | Lair:2   | Found a staircase to the Snake Pit.
 13577 | Lair:2   | XOM: polymorph komodo dragon -> dream sheep
 13644 | Lair:2   | XOM: stat loss: -1 Str (21/22)
 13715 | Lair:2   | XOM: polymorph yak -> yaktaur
 14043 | Lair:3   | Got a faintly glowing garnet amulet
 14105 | Lair:3   | XOM: 1-stop teleportation journey
 14111 | Lair:3   | Reached XP level 13. HP: 72/72 MP: 16/18
 14164 | Lair:3   | XOM: 2-stop teleportation journey
 14534 | Lair:3   | Identified the amulet of Wiang {Acrobat rF+} (You found it
                  | on level 3 of the Lair of Beasts)
 14689 | Lair:4   | Found a staircase to the Shoals.
 14838 | Lair:4   | XOM: harmless Tloc miscast
 14899 | Lair:4   | XOM: summons 6 hostile demons
 14900 | Lair:4   | XOM: swap monsters
 14909 | Lair:4   | You fall into a shaft and drop 2 floors!
 14909 | Lair:6   | Entered Level 6 of the Lair of Beasts
 14925 | Lair:6   | XOM: polymorph dream sheep -> deep troll
 14927 | Lair:6   | XOM: chaos cloud
 14928 | Lair:6   | XOM: fake destruction
 14929 | Lair:6   | Paralysed by you for 7 turns
 14929 | Lair:6   | XOM: destruction
 15145 | Lair:6   | Gained mutation: You are partially covered in large bone
                  | plates. (SH +4) [evolution]
 15145 | Lair:6   | Lost mutation: You evolve. [end of evolution]
 15352 | Lair:5   | Found a runed translucent door.
 15353 | Lair:5   | Found a viscous altar of Jiyva.
 15359 | Lair:5   | Found a staircase to the Slime Pits.
 15460 | Lair:4   | XOM: harmless Summ miscast
 15661 | Lair:4   | XOM: harmless Ice miscast
 15676 | Lair:4   | XOM: summons 2 hostile shadow creatures
 15744 | Lair:5   | XOM: harmless Ice miscast
 15748 | Lair:5   | XOM: 1-stop teleportation journey
 15766 | Lair:5   | XOM: 2-stop teleportation journey
 15940 | Lair:5   | XOM: mild Erth miscast
 16051 | Lair:5   | XOM: severe Conj miscast
 16142 | Lair:5   | XOM: noise
 16402 | Lair:5   | XOM: give mutation
 16402 | Lair:5   | Lost mutation: Your muscles are strong. (Str +2) [Xom's
                  | mischief]
 16441 | Lair:5   | XOM: medium Fire miscast
 16442 | Lair:5   | XOM: give mutation
 16442 | Lair:5   | Lost mutation: You have a pair of small horns on your head.
                  | [Xom's mischief]
 16590 | Lair:5   | XOM: harmless Pois miscast
 16716 | Lair:6   | XOM: confusion
 16773 | Lair:6   | XOM: smoke on damage
 16779 | Lair:6   | XOM: noise
 16781 | Lair:6   | XOM: divination: detect creatures
 16910 | Lair:6   | XOM: cast spell 'Call Canine Familiar'
 16916 | Lair:6   | Reached skill level 10 in Stealth
 16921 | Lair:6   | XOM: silly message
 16924 | Lair:6   | XOM: divination: detect items
 17015 | Lair:6   | XOM: harmless Air miscast
 17018 | Lair:6   | XOM: divination: detect creatures
 17021 | Lair:6   | XOM: silly message
 17267 | Lair:6   | XOM: cast spell 'Shadow Creatures'
 17318 | Lair:6   | XOM: enchant monster (bad)
 17323 | Lair:6   | XOM: noise
 17342 | Lair:6   | XOM: medium Tmut miscast
 17353 | Lair:6   | XOM: enchant monster (bad)
 17464 | Lair:6   | XOM: enchant monster (bad)
 17468 | Lair:6   | XOM: scenery: create altars
 17483 | Lair:6   | XOM: confuse monster(s)
 17493 | Lair:6   | XOM: cast spell 'Ring of Flames'
 17504 | Lair:6   | Reached XP level 14. HP: 62/77 MP: 17/19
 17524 | Lair:6   | XOM: potion effect (brilliance)
 17621 | Lair:6   | XOM: divination: magic mapping
 17678 | Lair:6   | XOM: cast spell 'Summon Butterflies'
 17691 | Lair:6   | XOM: polymorph butterfly -> adder
 17698 | Lair:6   | XOM: enchant monster (good)
 17705 | Lair:6   | XOM: cast spell 'Statue Form'
 17708 | Lair:6   | XOM: harmless Summ miscast
 17769 | Lair:6   | Got an ancient zirconium amulet
 17771 | Lair:6   | Identified the amulet "Etsabet" {Acrobat rElec rN+ Int-5
                  | Dex+4} (You found it on level 6 of the Lair of Beasts)
 17822 | Lair:6   | XOM: confuse monster(s)
 17889 | Lair:6   | XOM: divination: magic mapping
 18348 | Lair:2   | XOM: god gift: 46 gold pieces
 18439 | Orc:1    | Entered Level 1 of the Orcish Mines
 18456 | Orc:1    | XOM: 2-stop teleportation journey
 18457 | Orc:1    | You fall into a shaft and drop 1 floor!
 18457 | Orc:2    | Entered Level 2 of the Orcish Mines
 18515 | Orc:1    | XOM: give mutation
 18515 | Orc:1    | Gained mutation: You have a pair of small horns on your
                  | head. [Xom's grace]
 18819 | Orc:2    | XOM: harmless Pois miscast
 18888 | Orc:2    | Reached skill level 10 in Shields
 18948 | Orc:2    | Found Babey's Weapon Shoppe.
 18954 | Orc:2    | XOM: swap monsters
 18991 | Orc:2    | XOM: 3-stop teleportation journey
 18992 | Orc:2    | Noticed an orc warlord
 19127 | Orc:2    | XOM: mild Conj miscast
 19243 | Orc:2    | XOM: fake destruction
 19386 | Orc:2    | XOM: divine lightning
 19391 | Orc:2    | Killed an orc warlord
 19425 | Orc:2    | XOM: scenery: 1 doors close
 19541 | Orc:2    | XOM: divination: magic mapping
 19555 | Orc:2    | XOM: potion effect (haste)
 19660 | Orc:2    | XOM: confuse monster(s)
 19675 | Orc:2    | Found a staircase to the Elven Halls.
 19814 | Orc:2    | XOM: god gift: curved glowing staff {god gift}
 19861 | Orc:2    | XOM: harmless Tloc miscast
 19866 | Orc:2    | XOM: summons 7 friendly demons
 19911 | Orc:2    | Found a roughly hewn altar of Beogh.
 19950 | Orc:2    | Found Wiahaops's Antique Weapon Boutique.
 19957 | Orc:2    | Bought a dazzling rapier for 216 gold pieces
 19957 | Orc:2    | Identified the +6 rapier of Odghyt {drain, MR+} (You bought
                  | it in a shop on level 2 of the Orcish Mines)
 19966 | Orc:2    | Found Qagy's Jewellery Shop.
 20054 | Orc:2    | XOM: potion effect (invisibility)
 20058 | Orc:2    | XOM: potion effect (agility)
 20082 | Orc:2    | XOM: harmless Hex miscast
 20183 | Orc:2    | XOM: give mutations
 20183 | Orc:2    | Lost mutation: You are resistant to hostile enchantments.
                  | (MR+) [Xom's mischief]
 20183 | Orc:2    | Lost mutation: Your mind is very acute. (Int +4) [Xom's
                  | mischief]
 20198 | Orc:2    | Found a roughly hewn altar of Beogh.
 20300 | Orc:2    | XOM: mild Air miscast
 20302 | Orc:2    | XOM: noise
 20370 | Orc:2    | XOM: polymorph orc warrior -> iguana
 20439 | Orc:2    | XOM: stat loss: -1 Str (22/23)
 20450 | Orc:2    | XOM: enchant monster (bad)
 20481 | Orc:2    | Found Viasm's Gadget Shop.
 20507 | Orc:2    | XOM: give mutations
 20507 | Orc:2    | Gained mutation: Your muscles are strong. (Str +2) [Xom's
                  | grace]
 20507 | Orc:2    | Gained mutation: You have a pair of horns on your head.
                  | [Xom's grace]
 20507 | Orc:2    | Gained mutation: Your muscles are very strong. (Str +4)
                  | [Xom's grace]
 20508 | Orc:2    | Bought a wand of paralysis (6) for 96 gold pieces
 20522 | Orc:2    | XOM: swap monsters
 20556 | Orc:2    | XOM: severe Air miscast
 20638 | Orc:2    | XOM: swap monsters
 20980 | Orc:1    | XOM: mild Chrm miscast
 21029 | Orc:1    | XOM: harmless Tmut miscast
 21195 | D:14     | XOM: blink monster(s)
 21198 | D:14     | XOM: swap monsters
 21210 | D:14     | XOM: smoke on damage
 21213 | D:14     | XOM: severe Air miscast
 21219 | D:14     | Reached XP level 15. HP: 32/80 MP: 10/20
 21309 | D:14     | XOM: 1-stop teleportation journey
 21359 | D:14     | XOM: mild Fire miscast
 21690 | D:14     | XOM: severe Tloc miscast
 21721 | D:14     | Found a gate to the Vaults.
 21726 | D:14     | XOM: summons 3 hostile demons
 21774 | D:14     | XOM: enchant monster (bad)
 21905 | D:14     | XOM: polymorph centaur -> ogre
 21908 | D:14     | XOM: medium Erth miscast
 21978 | D:14     | XOM: divination: detect creatures
 21996 | D:15     | Entered Level 15 of the Dungeon
 22156 | D:15     | XOM: confusion (+ monsters)
 22233 | D:15     | Identified the Grimoire of Battle Magic and Transmutation
 22332 | D:15     | XOM: god gift: brown potion {god gift}
 22346 | D:15     | XOM: divination: detect items
 22368 | D:15     | XOM: fog
 22373 | D:15     | XOM: enchant monster (bad)
 22392 | D:14     | XOM: summons 2 hostile shadow creatures
 22476 | D:15     | XOM: mild Hex miscast
 22499 | D:15     | XOM: silly message
 22580 | D:15     | XOM: confuse monster(s)
 22684 | D:15     | XOM: cast spell 'Olgreb's Toxic Radiance'
 22688 | D:15     | XOM: cast spell 'Olgreb's Toxic Radiance'
 22813 | D:15     | XOM: enchant monster (good)
 22836 | D:15     | Found a staircase to the Depths.
 23144 | Shoals:1 | Entered Level 1 of the Shoals
 23209 | Shoals:1 | Found Ygieg's Weapon Shoppe.
 23219 | Shoals:1 | XOM: divination: detect items
 23291 | Shoals:1 | Found Axommor's General Store.
 23298 | Shoals:1 | XOM: divination: magic mapping
 23314 | Shoals:1 | Bought a scroll of teleportation for 33 gold pieces
 23470 | Shoals:1 | Reached XP level 16. HP: 85/85 MP: 23/23
 23483 | Shoals:1 | Found Huke's Antique Weapon Boutique.
 23486 | Shoals:1 | Bought a pitted rapier for 333 gold pieces
 23488 | Shoals:1 | Identified the +1 rapier of Xaustilo {antimagic, +Rage
                  | rElec Int+4} (You bought it in a shop on level 1 of the
                  | Shoals)
 23610 | Shoals:1 | XOM: divination: detect items
 23827 | Shoals:1 | XOM: harmless Hex miscast
 23878 | Shoals:1 | XOM: summons friendly shadow imp
 24161 | Shoals:2 | XOM: 1-stop teleportation journey
 24245 | Shoals:2 | XOM: medium Pois miscast
 24295 | Shoals:2 | Found the +0 mask of the Dragon {MR+ Slay+3 SInv}
 24297 | Shoals:2 | XOM: give mutation
 24297 | Shoals:2 | Gained mutation: Your magical capacity is low. (-10% MP)
                  | [Xom's mischief]
 24412 | Shoals:2 | XOM: confusion
 24470 | Shoals:2 | XOM: 9-stop teleportation journey
 24623 | Shoals:2 | XOM: enchant monster (bad)
 24977 | Shoals:1 | XOM: harmless Conj miscast
 25190 | D:13     | XOM: summons 4 hostile shadow creatures
 25369 | Shoals:3 | Learned a level 1 spell: Confusing Touch
 25495 | Shoals:3 | XOM: summons 16 friendly demons
 25498 | Shoals:3 | XOM: destruction
 25505 | Shoals:3 | XOM: cleaving
 25746 | Shoals:3 | XOM: 1-stop teleportation journey
 25748 | Shoals:3 | XOM: mild Tloc miscast
 25761 | Shoals:3 | XOM: fog
 25858 | Shoals:3 | XOM: harmless Chrm miscast
 26198 | Shoals:3 | XOM: torment (52/85 hp)
 26346 | Shoals:4 | Entered Level 4 of the Shoals
 26449 | Lair:4   | XOM: draining
 26490 | Snake:1  | Entered Level 1 of the Snake Pit
 26539 | Snake:1  | XOM: divination: detect creatures
 26802 | Lair:2   | XOM: medium Necr miscast
 26825 | Snake:1  | XOM: noise
 26836 | Snake:1  | Reached skill level 10 in Evocations
 27056 | Snake:1  | XOM: mild Erth miscast
 27060 | Snake:1  | XOM: harmless Necr miscast
 27093 | Snake:1  | XOM: confusion
 27508 | Snake:2  | XOM: summons friendly quasit
 27547 | Snake:2  | XOM: give mutations
 27547 | Snake:2  | Lost mutation: You expend magic power (3 MP) to strengthen
                  | your wands. [Xom's mischief]
 27547 | Snake:2  | Lost mutation: You passively map a small area around you.
                  | [Xom's mischief]
 27589 | Snake:2  | XOM: 5-stop teleportation journey
 27643 | Snake:2  | XOM: cleaving
 27644 | Snake:2  | HP: 4/85 [shock serpent/bolt of electricity (7)]
 27748 | Snake:2  | XOM: summons 10 friendly demons
 27768 | Snake:2  | XOM: confuse monster(s)
 27771 | Snake:2  | Reached XP level 17. HP: 84/89 MP: 23/23
 27796 | Snake:2  | XOM: noise
 28026 | Orc:2    | Bought the ring of Ashrohaklo {rElec Slay+6} for 1812 gold
                  | pieces
 28036 | Orc:2    | Learned a level 6 spell: Statue Form
 28276 | Snake:2  | XOM: confusion (+ monsters)
 28620 | Snake:3  | XOM: 1-stop teleportation journey
 28732 | Snake:3  | Reached skill level 1 in Transmutations
 28732 | Snake:3  | Reached skill level 1 in Earth Magic
 28921 | Snake:3  | XOM: 2-stop teleportation journey
 28922 | Snake:3  | Reached skill level 5 in Spellcasting
 28982 | Snake:3  | XOM: medium Pois miscast
 29111 | Snake:3  | XOM: swap monsters
 29800 | Snake:4  | Entered Level 4 of the Snake Pit
 29874 | Snake:4  | Reached skill level 10 in Dodging
 29884 | Snake:4  | XOM: medium Chrm miscast
 29918 | Snake:4  | Found a runed translucent gate.
 29918 | Snake:4  | Found a runed translucent gate.
 29918 | Snake:4  | Found a runed translucent gate.
 29977 | Snake:4  | XOM: divination: magic mapping
 30001 | Snake:4  | XOM: harmless Summ miscast
 30070 | Snake:4  | XOM: give mutations
 30070 | Snake:4  | Lost mutation: Your magical capacity is low. (-10% MP)
                  | [Xom's mischief]
 30070 | Snake:4  | Lost mutation: Your mind is acute. (Int +2) [Xom's
                  | mischief]
 30070 | Snake:4  | Gained mutation: You regenerate. [Xom's mischief]
 30070 | Snake:4  | Lost mutation: Your muscles are very strong. (Str +4)
                  | [Xom's mischief]
 30146 | Snake:4  | XOM: blink monster(s)
 30289 | Snake:4  | XOM: chaos upgrade
 30299 | Snake:4  | XOM: enchant monster (bad)
 30300 | Snake:4  | XOM: confusion (+ monsters)
 30302 | Snake:4  | XOM: confusion
 30303 | Snake:4  | XOM: potion effect (invisibility)
 30363 | Snake:4  | XOM: enchant monster (good)
 30436 | Snake:4  | Reached skill level 15 in Stealth
 30664 | Snake:4  | XOM: enchant monster (bad)
 30676 | Snake:4  | Reached XP level 18. HP: 83/93 MP: 24/28
 30711 | Snake:4  | XOM: potion effect (invisibility)
 30738 | Snake:4  | XOM: cast spell 'Alistair's Intoxication'
 30884 | Snake:4  | Got a serpentine rune of Zot
 31024 | Snake:1  | XOM: divination: detect creatures
 31455 | Vaults:1 | Entered Level 1 of the Vaults
 31472 | Vaults:1 | XOM: enchant monster (good)
 31475 | Vaults:1 | XOM: enchant monster (good)
 31535 | Vaults:1 | Found Revacy's Book Emporium.
 31545 | Vaults:1 | XOM: scenery: 1 doors open, 1 doors close
 31601 | Vaults:1 | XOM: god gift: 4 rations
 32016 | Vaults:1 | XOM: summons 2 friendly demons
 32062 | Vaults:1 | Found Okuf's Antique Armour Emporium.
 32070 | Vaults:1 | Bought a pair of encrusted gloves for 256 gold pieces
 32082 | Vaults:1 | Identified the +2 pair of gloves of Idealism {rPois rF+++
                  | Int-5 Dex-5} (You bought it in a shop on level 1 of the
                  | Vaults)
 32286 | Vaults:1 | Reached skill level 5 in Transmutations
 32365 | Vaults:1 | Reached skill level 5 in Earth Magic
 32369 | Vaults:1 | XOM: 2-stop teleportation journey
 32726 | Vaults:2 | XOM: medium Hex miscast
 32729 | Vaults:2 | XOM: 5-stop teleportation journey
 32736 | Vaults:2 | XOM: scenery: 1 doors open
 33020 | Vaults:2 | XOM: cloud trail
 33028 | Vaults:2 | XOM: polymorph fire dragon -> wolf spider
 33085 | Vaults:2 | XOM: cleaving
 33150 | Vaults:2 | XOM: 1-stop teleportation journey
 33274 | Vaults:2 | XOM: confuse monster(s)
 33358 | Vaults:2 | XOM: summons friendly white imp
 33362 | Vaults:2 | Reached XP level 19. HP: 92/99 MP: 31/31
 33438 | Vaults:2 | Got a crude golden ring
 33484 | Vaults:2 | XOM: 1-stop teleportation journey
 33624 | Vaults:2 | Identified Xom's Compendium of Uncomfortable Rashes (Xom
                  | gifted it to you on level 2 of the Vaults)
 33624 | Vaults:2 | XOM: god gift: Xom's Compendium of Uncomfortable Rashes
 33725 | Vaults:2 | Identified the ring "Yggil" {*Slow rF+ rC+ EV+1 Slay+5}
                  | (You found it on level 2 of the Vaults)
 33727 | Vaults:2 | XOM: god gift: 5 stones
 33864 | Vaults:2 | XOM: polymorph two-headed ogre -> mana viper
 33867 | Vaults:2 | XOM: medium Air miscast
 33898 | Vaults:2 | XOM: enchant monster (good)
 34017 | Vaults:2 | XOM: fog
 34060 | Vaults:2 | XOM: give mutations
 34060 | Vaults:2 | Lost mutation: You have a pair of horns on your head.
                  | [Xom's mischief]
 34060 | Vaults:2 | Lost mutation: You have a somewhat thin skeletal structure.
                  | (Dex +2, Stealth) [Xom's mischief]
 34060 | Vaults:2 | Gained mutation: Your body sometimes deteriorates upon
                  | taking damage. [Xom's mischief]
 34177 | Vaults:3 | Found Gouliy Upush's Assorted Antiques.
 34189 | Vaults:3 | Bought a fuming red potion for 41 gold pieces
 34250 | Vaults:3 | Noticed Donald
 34258 | Vaults:3 | Killed Donald
 34280 | Vaults:3 | XOM: divination: detect items
 34346 | Vaults:3 | XOM: medium Erth miscast
 34422 | Vaults:3 | XOM: confuse monster(s)
 34470 | Vaults:3 | XOM: scenery: 1 doors open
 34524 | Vaults:3 | Noticed Xtahua
 34561 | Vaults:3 | XOM: divination: detect items
 34578 | Vaults:3 | XOM: confuse monster(s)
 34579 | Vaults:3 | Killed Xtahua
 34648 | Vaults:3 | Noticed Sojobo
 34668 | Vaults:3 | Killed Sojobo
 34676 | Vaults:3 | XOM: divination: magic mapping
 34690 | Vaults:3 | XOM: cast spell 'Leda's Liquefaction'
 34764 | Vaults:3 | XOM: cloud trail
 34802 | Vaults:3 | XOM: potion effect (berserk rage)
 34803 | Vaults:3 | XOM: potion effect (agility)
 34811 | Vaults:3 | XOM: divination: detect creatures
 34883 | Vaults:3 | XOM: summons 9 hostile demons
 34945 | Vaults:3 | XOM: cast spell 'Summon Hydra'
 34971 | Vaults:3 | Reached XP level 20. HP: 105/105 MP: 34/34
 35063 | Vaults:3 | Found a basalt altar of Yredelemnul.
 35063 | Vaults:3 | Found a staircase to the Crypt.
 35063 | Vaults:3 | Found an ancient bone altar of Kikubaaqudgha.
 35063 | Vaults:3 | XOM: 1-stop teleportation journey
 35085 | Vaults:3 | XOM: confuse monster(s)
 35090 | Vaults:3 | XOM: noise
 35116 | Vaults:3 | XOM: cast spell 'Cause Fear'
 35136 | Vaults:3 | XOM: 1-stop teleportation journey
 35195 | Vaults:3 | XOM: harmless Ice miscast
 35221 | Vaults:3 | XOM: divination: detect creatures
 35222 | Vaults:3 | XOM: noise
 35236 | Vaults:3 | XOM: enchant monster (good)
 35243 | Vaults:3 | XOM: cast spell 'Olgreb's Toxic Radiance'
 35249 | Vaults:3 | XOM: confusion (+ monsters)
 35362 | Vaults:3 | XOM: harmless Hex miscast
 35467 | Vaults:3 | XOM: scenery: 2 doors close
 35670 | Vaults:3 | XOM: scenery: 2 doors close
 35733 | Vaults:3 | XOM is BORED!
 35733 | Vaults:3 | XOM: medium Ice miscast
 35760 | Vaults:3 | XOM: harmless Tloc miscast
 35817 | Vaults:4 | XOM: stat loss: -1 Dex (20/21)
 35833 | Vaults:4 | Found Mesuecin's Magic Scroll Emporium.
 35866 | Vaults:4 | Found Yxes's Magic Scroll Boutique.
 35968 | Vaults:4 | Found a ruined gateway.
 35971 | Vaults:4 | Noticed Mennas
 35977 | Vaults:4 | XOM: mild Summ miscast
 35978 | Vaults:4 | XOM: confuse monster(s)
 35984 | Vaults:4 | Killed Mennas
 35991 | Vaults:4 | XOM: chaos upgrade
 36019 | Desolati | Entered the Desolation of Salt
 36053 | Desolati | XOM: mild Summ miscast
 36156 | Desolati | Identified Ruwkuq's Collected Works on the Frostbite and
                  | Contamination
 36169 | Desolati | Reached skill level 15 in Shields
 36177 | Desolati | Got a pair of encrusted gloves
 36180 | Desolati | Identified the +0 pair of gloves "Taejoe Kaesk" {Dex+4}
                  | (You found it in the Desolation of Salt)
 36191 | Desolati | Identified the +0 plate armour of Complete Protection
                  | {-Tele *Slow +Fly Str+7} (You found it in the Desolation of
                  | Salt)
 36290 | Desolati | XOM: cleaving
 36305 | Desolati | Reached skill level 10 in Spellcasting
 36328 | Desolati | Identified the Compendium of Glacial Protection
 36370 | Desolati | Identified the +8 scimitar of the Shining Light {drain,
                  | *Corrode Str+6} (You found it in the Desolation of Salt)
 36372 | Desolati | Identified Sasasus's Catalogue of Creative Transmutation
 36377 | Desolati | Got a fine turquoise ring
 36378 | Desolati | Identified the ring "Qotoc" {*Tele Str+2} (You found it in
                  | the Desolation of Salt)
 36478 | Desolati | XOM: 10-stop teleportation journey
 36553 | Desolati | XOM: summons 10 friendly demons
 36575 | Desolati | Reached XP level 21. HP: 95/110 MP: 36/36
 36716 | Desolati | Found the +8 longbow "Zephyr" {speed, Dex+3 SInv}
 36733 | Desolati | Identified the Volume of the Ashen Snowflakes
 36739 | Desolati | Identified the +7 short sword of Prudence {pierce, Str+5}
                  | (You found it in the Desolation of Salt)
 37064 | Desolati | XOM: god gift: scroll of immolation
 37184 | Desolati | XOM: cleaving
 37268 | Desolati | XOM: 4-stop teleportation journey
 37592 | Vaults:4 | Identified a +0 pair of boots of running (You found it on
                  | level 4 of the Vaults)
 38498 | D:10     | XOM: cloud trail
 38612 | Shoals:4 | XOM: 4-stop teleportation journey
 38693 | Shoals:4 | Found the +27 Lear's hauberk
 38701 | Shoals:4 | Reached skill level 15 in Evocations
 38724 | Shoals:4 | XOM: divination: magic mapping
 38740 | Shoals:4 | Cast into level 3 of the Abyss (merfolk javelineer)
 38741 | Abyss:3  | Found a corrupted altar of Lugonu.
 38747 | Abyss:3  | XOM: potion effect (magic)
 38897 | Abyss:3  | XOM: mild Tloc miscast
 38905 | Abyss:3  | XOM: god gift: 4 rations
 38981 | Abyss:3  | XOM: repel stairs
 38989 | Shoals:4 | Escaped the Abyss
 39126 | Shoals:4 | Noticed Ilsuiw
 39139 | Shoals:4 | Reached skill level 10 in Transmutations
 39165 | Shoals:4 | Killed Ilsuiw
 39168 | Shoals:4 | XOM: cleaving
 39255 | Shoals:4 | XOM: summons friendly crimson imp
 39284 | Shoals:4 | Reached skill level 10 in Earth Magic
 39325 | Shoals:4 | XOM: god gift: scroll of teleportation
 39604 | Shoals:4 | XOM: polymorph manticore -> swamp dragon
 39611 | Shoals:4 | XOM: give mutations
 39611 | Shoals:4 | Gained mutation: You are partially covered in slimy green
                  | scales. (AC +2) [Xom's grace]
 39611 | Shoals:4 | Gained mutation: You evolve. [Xom's grace]
 39629 | Shoals:4 | Got a barnacled rune of Zot
 39699 | Shoals:4 | XOM: scenery: 1 doors close
 40046 | Shoals:4 | XOM: god gift: distressingly furry chain mail {god gift}
 40047 | Shoals:4 | Identified the +4 chain mail of Tulips {Regen+ Int+2} (Xom
                  | gifted it to you on level 4 of the Shoals)
 40128 | Lair:4   | XOM: cloud trail
 40543 | Vaults:4 | Noticed Aizul
 40555 | Vaults:4 | Killed Aizul
 40702 | Vaults:4 | Noticed Boris
 40724 | Vaults:4 | Killed Boris
 40728 | Vaults:4 | XOM: blink monster(s)
 40867 | Vaults:4 | Reached XP level 22. HP: 81/116 MP: 38/38
 41101 | Vaults:4 | Identified a scroll of acquirement
 41214 | Vaults:4 | XOM: summons 1 hostile demon
 41395 | Vaults:4 | Found a runed translucent gate.
 41395 | Vaults:4 | Found a runed translucent gate.
 41395 | Vaults:4 | Found a runed translucent gate.
 41485 | Vaults:4 | Noticed Ugguttuj's ghost (veteran DrWn)
 41545 | Vaults:2 | XOM: harmless Erth miscast
 42233 | Vaults:4 | XOM: noise
 42242 | Vaults:4 | XOM: fake destruction
 42254 | Vaults:4 | Killed Ugguttuj's ghost
 42265 | Vaults:4 | Got a glittering golden ring
 42266 | Vaults:4 | Identified the Incunabulum of Enthralling Darkness
 42272 | Vaults:4 | Identified the ring "Viajoys" {rF+ MR+ Str+5} (You found it
                  | on level 4 of the Vaults)
 42743 | Vaults:2 | XOM: medium Tmut miscast
 43076 | Elf:1    | Entered Level 1 of the Elven Halls
 43078 | Elf:1    | XOM: polymorph deep elf mage -> lindwurm
 43081 | Elf:1    | XOM: harmless Necr miscast
 43090 | Elf:1    | XOM: confuse monster(s)
 43333 | Elf:1    | Identified the Compendium of Summoning
 43422 | Elf:1    | Found a portal to a secret trove of treasure.
 43589 | Elf:1    | XOM: 1-stop teleportation journey
 43721 | Elf:1    | XOM: god gift: 410 gold pieces
 43830 | Elf:1    | XOM: scenery: create altars
 44100 | Elf:1    | XOM: 6-stop teleportation journey
 44183 | Elf:1    | XOM: noise
 44188 | Elf:1    | XOM: chaos upgrade
 44303 | Elf:1    | Identified the Tome of Companions
 44506 | Elf:1    | XOM: summons 1 hostile demon
 44628 | Elf:2    | XOM: confuse monster(s)
 44749 | Elf:2    | Found a runed translucent gate.
 44749 | Elf:2    | Found a runed translucent gate.
 44749 | Elf:2    | Found a runed translucent gate.
 44765 | Elf:2    | Found Naapsaej's Antique Armour Emporium.
 44766 | Elf:2    | XOM: divination: detect creatures
 44768 | Elf:2    | XOM: scenery: 1 fountains blood, 1 doors open
 44798 | Elf:2    | XOM: god gift: 18 stones
 44929 | Elf:2    | Noticed Azrael
 44970 | Elf:2    | Killed Azrael
 44988 | Elf:2    | Found Buhur's Antique Weapon Shoppe.
 45105 | Elf:2    | Identified the Compendium of Cloudy Creation
 45121 | Elf:2    | XOM: fake destruction
 45148 | Elf:2    | XOM: scenery: 1 doors close
 45173 | Elf:2    | XOM: cloud trail
 45354 | Elf:2    | XOM: scenery: 2 doors close
 45478 | Elf:2    | XOM: god gift: ring mail {god gift}
 45480 | Elf:2    | XOM: cleaving
 45481 | Elf:2    | XOM: confuse monster(s)
 45502 | Elf:2    | XOM: scenery: create altars
 45514 | Elf:2    | XOM: confuse monster(s)
 45689 | Elf:2    | XOM: god gift: scroll of blinking
 45731 | Elf:3    | Entered Level 3 of the Elven Halls
 45736 | Elf:3    | XOM: cloud trail
 45739 | Elf:3    | Found an ancient bone altar of Kikubaaqudgha.
 45804 | Elf:3    | XOM: cast spell 'Metabolic Englaciation'
 45880 | Elf:3    | XOM: cast spell 'Death Channel'
 45884 | Elf:3    | XOM: cast spell 'Ring of Flames'
 45886 | Elf:3    | XOM: polymorph hell rat -> ufetubus
 45890 | Elf:3    | Reached XP level 23. HP: 118/122 MP: 38/40
 45901 | Elf:3    | XOM: cloud trail
 46083 | Elf:3    | XOM: fog
 46099 | Elf:3    | XOM: destruction
 46106 | Elf:3    | XOM: destruction
 46716 | Elf:3    | XOM: medium Ice miscast
 46894 | Elf:3    | XOM: cleaving
 46950 | Elf:3    | Identified the +9 war axe of Mutilation {chop, +Inv Dex+3}
 46950 | Elf:3    | Identified the amulet "Aryfughuk" {Gourm rC+ Int+2}
 46968 | Elf:3    | XOM: polymorph deep elf annihilator -> dire elephant
 46989 | Elf:3    | XOM: butterfly on damage
 46990 | Elf:3    | Killed from afar by a deep elf annihilator

Levels and vault maps discovered:
D:1:      dpeg_arrival_circle_labyrinth_a, layout_rooms
D:2:      layout_basic
D:3:      layout_basic, ebering_ghost_rock_garden, first_ration
D:4:      layout_basic
D:5:      layout_rooms, gammafunk_temple_overflow_arena
D:6:      layout_loops_ring, temple_statues, serial_shops,
          kennysheep_little_box, grunt_ministairs_1,
          hangedman_decor_clover_reticule, uniq_crazy_yiuf_cottage,
          uniq_blork_the_orc
D:7:      layout_cave_pools, gammafunk_ghost_mausoleum, kennysheep_nub,
          st_stairs_12, the_bakery, fedhas_altar_3
D:8:      layout_basic, nicolae_tso_carved_into_rock
D:9:      layout_loops_cross, serial_shops, shop_fountains, st_stairs_14,
          nemelex_dance_club_becter
D:10:     layout_small_grid, lair_entry_dummy, orc_0_dummy, basic_altar,
          minmay_liquid_box, uniq_sonja
D:11:     layout_roguey, grunt_ministairs_15
D:12:     layout_small_grid, hex_large
D:13:     cheibrodos_shockbox, layout_grid_maze, basic_altar
D:14:     layout_gridville, david_vaults_4, hangedman_abyss_or_decor_stabs
D:15:     gammafunk_enter_depths_forms, layout_long_grid, serial_park_tiny_2
Lair:1:   layout_hall_layers, chequers_serial_rivers_small_b
Lair:2:   layout_gridlike, minmay_snake_entry_guardpost_medium, basic_altar,
          grunt_megastairs_5
Lair:3:   layout_hall_layers
Lair:4:   layout_long_grid, elwin_shoals_entry_rocks
Lair:5:   layout_gridlike, slime_altar_2, lemuel_fruit_tree
Lair:6:   evilmike_catoblepas_cave, layout_hall_layers,
          infiniplex_staircase_pool, grunt_megastairs_3, lemuel_fruit_fields
Shoals:1: layout_shoals, serial_shops, shop_fountains,
          nicolae_shop_behind_doors, nicolae_shop_stone,
          nicolae_shoals_this_corrosion
Shoals:2: layout_shoals
Shoals:3: layout_shoals
Shoals:4: shoals_end_simple, layout_shoals, shoals_ilsuiw_ice
Snake:1:  layout_onion
Snake:2:  layout_rooms, nicolae_snake_serpentine_hallways
Snake:3:  layout_layer_cave
Snake:4:  minmay_snake_end_coiled, layout_onion_interference,
          grunt_ministairs_7, nicolae_snake_horde_hoard
Orc:1:    layout_caves
Orc:2:    pubby_orc_utopia
Elf:1:    eino_elf_arrival_shootout, layout_loops_corners,
          nicolae_trove_entry_crossroad, minmay_elf_sorcery,
          minmay_elf_demonology
Elf:2:    layout_geoelf_diagonals, minmay_shoptagon, uniq_azrael
Elf:3:    elf_hall, layout_onion_city, basic_altar,
          hangedman_elf_targetted_burst
Vaults:1: ontoclasm_vaults_claustrophobia, ontoclasm_vaults_tryst,
          ontoclasm_vaults_ligature, v_pattern_4, v_misc_15,
          dpeg_vaults_monster_row, hangedman_vaults_maws, v_alt_pattern_6,
          nicolae_vaults_specimen_jars, layout_vaults_quadrants, serial_shops,
          shop, nicolae_shop_trees
Vaults:2: v_misc_33, nicolae_vaults_big_ls, v_misc_19,
          nicolae_vaults_little_squares_4, nicolae_vaults_circle_grid_b,
          vaults_room_stairs_pillars, vaults_room_pool,
          vaults_dpeg_encased_lava, vaults_standard_mumra_lines,
          ontoclasm_vaults_pinch, grunt_vaults_funnel,
          vaults_room_guarded_vault, layout_vaults_omnicross
Vaults:3: minmay_crypt_entry_necro_gods, nicolae_vaults_border_crossing,
          vaults_mumra_chevron_long, vaults_room_octagon, v_misc_22,
          v_pattern_1, v_misc_26, nicolae_vaults_network_quinsquares
          [nicolae_vaults_network_quincunx_subvault,
          nicolae_vaults_network_quincunx_subvault,
          nicolae_vaults_network_quincunx_subvault,
          nicolae_vaults_network_quincunx_subvault],
          hangedman_vaults_stretched_pinwheel, nicolae_vaults_ring_of_whatevers,
          v_misc_25, vaults_room_fours, layout_vaults_ring, serial_shops, shop,
          uniq_donald, uniq_sojobo, uniq_xtahua
Vaults:4: gammafunk_vaults_ghost_necromancy, v_misc_26, vaults_mumra_hexcomb,
          nicolae_vaults_hallways_thing, vaults_room_mumra_shop_pool, v_rooms_5,
          vaults_mumra_minichess, vaults_room_door_ring, hangedman_vaults_snaps,
          grunt_vaults_hallway_short, layout_vaults_big_room,
          portal_desolation_entry_garden, serial_shops, shop, uniq_aizul,
          uniq_boris, uniq_mennas

Skill      XL: |  1  2  3  4  5  6  7  8  9 10 11 12 13 14 15 16 17 18 19 20 21 22 23 |
---------------+----------------------------------------------------------------------+-----
Dodging        | 1 2 3 4 5 6 7 8 9 10 | 10.0
Stealth        | 1 2 3 4 5 7 9 10 11 12 13 15 | 15.0
Fighting       | 3 4 9 10 11 12 13 14 | 14.2
Short Blades   | 3 4 9 10 11 12 13 14 | 14.0
Spellcasting   | 1 4 6 7 9 10 11 12 13 | 13.0
Evocations     | 1 2 3 4 5 6 8 10 11 12 13 14 15 | 15.0
Shields        | 3 5 7 9 10 12 13 14 15 | 15.0
Transmutations | 3 5 7 8 11 13 | 13.0
Earth Magic    | 3 5 7 8 11 12 13 | 13.0
Armour         | |  1.5

Action                   |  1- 3 |  4- 6 |  7- 9 | 10-12 | 13-15 | 16-18 | 19-21 | 22-24 || total
-------------------------+-------+-------+-------+-------+-------+-------+-------+-------++-------
Melee: Short sword       |   107 |   121 |   144 |   522 |       |       |       |       ||   894
       Bite              |    26 |    23 |   119 |   241 |   418 |   491 |   502 |   210 ||  2030
       Rapier            |       |       |   226 |   118 |   989 |   969 |  1029 |   516 ||  3847
       Kick              |       |       |       |   232 |   465 |       |       |    22 ||   719
       Headbutt          |       |       |       |   146 |   198 |   370 |   399 |   144 ||  1257
Throw: Stone             |     3 |       |       |    10 |    26 |     6 |     4 |     8 ||    57
       Dart              |       |     5 |    14 |     7 |       |       |       |       ||    26
       Throwing net      |       |       |       |     1 |       |       |     4 |       ||     5
 Cast: Confusing Touch   |       |       |       |       |       |     3 |     1 |       ||     4
       Statue Form       |       |       |       |       |       |       |       |     2 ||     2
Evoke: Wand              |       |       |     1 |    16 |    55 |    52 |    29 |     3 ||   156
       Lamp of fire      |       |       |       |       |       |       |     2 |       ||     2
  Use: Scroll            |       |     7 |     3 |    18 |    12 |     7 |    17 |     2 ||    66
       Potion            |       |     1 |     1 |       |     4 |     4 |     2 |     1 ||    13
 Stab: Sleeping          |     1 |     7 |     5 |    37 |    55 |    47 |    45 |    41 ||   238
       Confused          |       |     1 |     1 |     3 |     7 |     4 |     5 |     1 ||    22
       Distracted        |       |     1 |       |     4 |     6 |     6 |     5 |     3 ||    25
       Paralysed         |       |     1 |       |     2 |     6 |     1 |       |     1 ||    11
       Petrifying        |       |       |     2 |     3 |     1 |       |       |       ||     6
       Invisible         |       |       |     9 |       |     1 |       |       |       ||    10
       Held in net/web   |       |       |       |     1 |       |       |       |       ||     1
       Petrified         |       |       |       |       |     2 |       |       |       ||     2
  Eat: Chunk             |     3 |     5 |    10 |    20 |    27 |    18 |    20 |    12 ||   115
       Ration            |       |       |     1 |     1 |     1 |     4 |     1 |     2 ||    10
Armor: Leather armour    |    42 |    26 |    62 |    11 |       |    35 |    61 |     1 ||   238
       Steam dragon scal |       |       |       |    81 |    90 |    28 |       |    44 ||   243
       Skin              |       |       |       |       |     4 |       |       |    18 ||    22
Dodge: Dodged            |    60 |    66 |   164 |   176 |   243 |   312 |   347 |   113 ||  1481
       Deflected         |       |       |       |       |       |     8 |       |       ||     8
Block: Large shield      |       |       |     9 |   117 |       |       |       |       ||   126
       Shield            |       |       |       |   164 |   537 |   691 |   642 |   228 ||  2262
